 Dungeon Crawl Stone Soup version 0.22.1-2-g9c5b331 (webtiles) character file.

769 nicolaieve the Basher (level 7, 0/57 HPs)
             Began as a Minotaur Berserker on Dec 19, 2018.
             Was a Priest of Trog.
             Slain by a centaur
             ... wielding a +0 mace
              (3 damage)
             ... on level 5 of the Dungeon.
             The game lasted 00:08:22 (3225 turns).

nicolaieve the Basher (Minotaur Berserker)          Turns: 3225, Time: 00:08:23

Health: 0/57       AC:  9    Str: 22    XL:     7   Next: 52%
Magic:  6/6        EV:  8    Int:  4    God:    Trog [***...]
Gold:   213        SH:  0    Dex: 11    Spells: 6/6 levels left

rFire    + . .     SeeInvis .   a - +0 mace
rCold    + . .     Gourm    .   (no shield)
rNeg     . . .     Faith    .   o - +0 chain mail
rPois    .         Spirit   .   (helmet restricted)
rElec    .         Reflect  .   y - scarf {rC+ rF+}
rCorr    .         Harm     .   x - +0 pair of gloves (curse)
MR       ++...                  (no boots)
Stlth    ..........             (no amulet)
HPRegen  1.19/turn              (no ring)
MPRegen  0.10/turn              (no ring)

@: lethally poisoned (0 -> 0), berserk cooldown, regenerating, slowed, very slow
A: retaliatory headbutt, horns 2
a: Berserk, Trog's Hand, Renounce Religion


You were on level 5 of the Dungeon.
You worshipped Trog.
Trog was most pleased with you.
You were near starving.

You visited 1 branch of the dungeon, and saw 5 of its levels.

You collected 213 gold pieces.

Inventory:

Hand Weapons
 a - a +0 mace (weapon)
 p - a +0 hunting sling
 v - a +0 whip
Missiles
 j - 68 stones (quivered)
Armour
 k - a +0 pair of gloves
 o - a +0 chain mail (worn)
 x - a cursed +0 pair of gloves (worn)
 y - a scarf of resistance (worn)
Wands
 r - a wand of flame (1)
Scrolls
 b - a scroll of remove curse {unknown}
 f - 8 scrolls of identify {unknown}
 g - 2 scrolls of blinking {unknown}
 h - 2 scrolls of teleportation {unknown}
 i - 2 scrolls of enchant armour {unknown}
 m - 2 scrolls of immolation {unknown}
 n - a scroll of magic mapping {unknown}
 q - a scroll of fog {unknown}
 u - a scroll of amnesia {unknown}
 B - a scroll of random uselessness {unknown}
 D - a scroll of fear {unknown}
Potions
 d - a potion of might {unknown}
 e - a potion of haste {unknown}
 l - a potion of flight {unknown}
 s - a potion of mutation {unknown}
 t - 3 potions of brilliance {unknown}
 w - a potion of lignification {unknown}
 A - a potion of degeneration {unknown}
 C - a potion of cancellation {unknown}
Comestibles
 c - 12 rations
 z - 3 chunks of flesh


   Skills:
 - Level 3.6 Fighting
 + Level 10.6 Maces & Flails
 - Level 2.4 Armour
 - Level 2.1 Dodging


You had 6 spell levels left.
You didn't know any spells.
Your spell library was empty.

Dungeon Overview and Level Annotations

Branches:
Dungeon (5/15)
 Temple: D:4-7

Altars:
Cheibriados

Shops:
D:5 [


Innate Abilities, Weirdness & Mutations

You reflexively headbutt those who attack you in melee.
You have a pair of horns on your head.


Message History

The centaur hits you but does no damage.
The centaur hits you with an uncursed mace.
* * * LOW HITPOINT WARNING * * *
You barely miss the centaur.
You headbutt the centaur, but do no damage.
The centaur is heavily wounded.
A worker ant comes into view.
The centaur hits you with an uncursed mace.
* * * LOW HITPOINT WARNING * * *
You closely miss the centaur. Your headbutt misses the centaur.
The centaur is heavily wounded.
You feel the effects of Trog's Hand fading.
The centaur hits you with an uncursed mace.
* * * LOW HITPOINT WARNING * * *
The centaur barely misses you.
You hit the centaur.
The centaur is heavily wounded.
You feel sick.
The centaur hits you with an uncursed mace.
You die...

.#######........
(.....?.. .....
######.......... ....
................ ...
######.#......c##..
## #.......#.. .##
#.......#a# ..#
##.......#@# ..##
.#####<#.#c.####
#..#..# ##.#.#.....#
##...# #..........#
...### #.#..##....#
##..# #....>.....#
###.## #..###..[..#
.....####........<[.#
....................#


You could see a centaur and a worker ant.

Vanquished Creatures
  A water moccasin (D:5)
  An ice beast (D:5)
  A scorpion (D:4)
  A howler monkey (D:4)
  A jelly (D:5)
  An orc wizard (D:4)
  3 orc priests (D:4)
  A bullfrog skeleton (D:4)
  2 iguanas (D:5)
  Natasha (thrice) (D:2)
  3 worker ants
  2 adders
  4 oozes
  An adder skeleton (D:4)
  A worm (D:2)
  A dart slug (D:3)
  3 leopard geckos
  4 orcs (D:4)
  3 bats
  9 giant cockroaches
  5 hobgoblins
  4 jackals
  9 kobolds
  A quokka (D:2)
  5 ball pythons
  5 frilled lizards
  7 goblins
  4 rats
86 creatures vanquished.

Notes
Turn   | Place    | Note
-------+----------+-------------------------------------------
     0 | D:1      | nicolaieve the Minotaur Berserker began the quest for the
                  | Orb.
     0 | D:1      | Reached XP level 1. HP: 19/19 MP: 0/0
    93 | D:1      | Reached skill level 4 in Maces & Flails
   263 | D:1      | Reached XP level 2. HP: 21/26 MP: 1/1
   543 | D:1      | Reached skill level 5 in Maces & Flails
   680 | D:1      | Reached XP level 3. HP: 31/31 MP: 2/2
   770 | D:2      | Found a faded altar of an unknown god.
   830 | D:2      | Reached ** piety under Trog
   961 | D:2      | Noticed Natasha
   969 | D:2      | Killed Natasha
   969 | D:2      | Reached skill level 6 in Maces & Flails
   969 | D:2      | Reached XP level 4. HP: 32/39 MP: 3/3
  1107 | D:2      | Noticed Natasha
  1114 | D:2      | Killed Natasha
  1261 | D:2      | Noticed Natasha
  1271 | D:2      | Killed Natasha
  1271 | D:2      | Reached skill level 7 in Maces & Flails
  1271 | D:2      | Reached XP level 5. HP: 32/45 MP: 4/4
  1870 | D:3      | Found a snail-covered altar of Cheibriados.
  2319 | D:4      | Reached skill level 8 in Maces & Flails
  2473 | D:4      | Reached XP level 6. HP: 46/51 MP: 5/5
  2779 | D:4      | Reached skill level 9 in Maces & Flails
  3076 | D:5      | Entered Level 5 of the Dungeon
  3097 | D:5      | Reached XP level 7. HP: 42/57 MP: 6/6
  3104 | D:5      | Found Xegruzov's Antique Armour Boutique.
  3144 | D:5      | Reached skill level 10 in Maces & Flails
  3153 | D:5      | Reached *** piety under Trog
  3223 | D:5      | HP: 2/57 [centaur/uncursed mace (5)]
  3225 | D:5      | Slain by a centaur

Skill      XL: |  1  2  3  4  5  6  7 |
---------------+----------------------+-----
Maces & Flails | 4 5 6 7 8 9 10 | 10.6
Fighting       | |  3.6
Armour         | |  2.4
Dodging        | |  2.1

Action                   |  1- 3 |  4- 6 |  7- 9 || total
-------------------------+-------+-------+-------++-------
Melee: Mace              |    73 |   117 |    34 ||   224
       Headbutt          |    12 |    19 |     5 ||    36
Invok: Berserk           |       |     1 |     1 ||     2
       Trog's Hand       |       |       |     1 ||     1
  Eat: Chunk             |       |     8 |       ||     8
Armor: Ring mail         |    18 |       |       ||    18
       Chain mail        |     7 |    62 |    20 ||    89
Dodge: Dodged            |    40 |    53 |     9 ||   102
